AoeStats
← Schöner Pikser

Arabia

510156144Analyzed
2v2 RM · 3d ago on Sep 29, 2026· 27m 12s· 4 players
Game mode
Random Map
Map size
Medium (4 player)
Population
200
Speed
Normal
Resources
Standard
Victory
Conquest
Starting age
Dark Age
Ending age
Imperial Age
RankedLock teamsTeams togetherTeam positionsShared explorationLock speedFull tech treeHidden civsTurbo modeCheats
Victory
Defeat
🇩🇪 Maya · Germany
1319
+14
🇩🇪 Georgians · Germany
1317
+14
🇺🇸 Muisca · United States
1287
-15
🇨🇴 Persians · Colombia
1244
-13
__ynot__
6:19 Loom
9:17 Feudal Age
10:25 Double-Bit Axe
10:50 Horse Collar
21:53 Castle Age
21:09 Wheelbarrow
20:53 Bloodlines
20:50 Scale Barding Armor
22:07 Light Cavalry
23:45 Bow Saw
Schöner Pikser
0:29 Loom
8:31 Feudal Age
9:11 Double-Bit Axe
12:08 Fletching
14:47 Horse Collar
22:07 Castle Age
24:01 Thumb Ring
23:55 Bodkin Arrow
23:55 Crossbowman
25:20 Padded Archer Armor
LRNI MarinM
5:26 Loom
9:24 Feudal Age
14:59 Castle Age
13:33 Double-Bit Axe
13:40 Gold Mining
20:12 Fervor
20:23 Sanctity
23:10 Redemption
24:11 Redemption
25:44 Forging
25:34 Scale Mail Armor
Kevionyx
0:25 Loom
4:54 Loom
10:38 Feudal Age
11:22 Double-Bit Axe
11:19 Horse Collar
17:14 Wheelbarrow
22:18 Castle Age
Connection lost

Rejoining the realm…

Still unreachable

The connection could not be restored.

Session expired

The server has moved on; the page needs a fresh start.